 Dungeon Crawl Stone Soup version 0.30.0-17-ge0270778cf (webtiles) character file.

Game seed: 5085925279443939965

73 pigah the Gusty (level 4, -4/27 HPs)
             Began as an Octopode Air Elementalist on May 21, 2023.
             Slain by Terence
             ... wielding a +0 trident of protection
              (9 damage)
             ... on level 2 of the Dungeon.
             The game lasted 00:02:46 (1376 turns).

pigah the Gusty (Octopode Air Elementalist)         Turns: 1376, Time: 00:02:47

Health: -4/27      AC:  1    Str:  7    XL:     4   Next: 27%
Magic:  2/7        EV: 13    Int: 19    God:
Gold:   126        SH:  0    Dex: 12    Spells: 0/8 levels left

rFire   . . .        a - staff of air
rCold   . . .        (no shield)
rNeg    . . .        (helmet restricted)
rPois   .            (no amulet)
rElec   +            (no ring)
rCorr   .            (no ring)
SInv    .            (no ring)
Will    .....        (no ring)
Stlth   +++          (no ring)
HPRegen 0.24/turn    (no ring)
MPRegen 0.10/turn    (no ring)
                     (no ring)

%: no passive effects
@: very slightly contaminated
A: almost no armour, amphibious, 8 rings, camouflage 1, gelatinous body 1,
(nimble swimmer 1), tentacles
a: no special abilities


You were on level 2 of the Dungeon.
You visited 1 branch of the dungeon, and saw 2 of its levels.

You collected 126 gold pieces.

Inventory:

Magical Staves
 a - a staff of air (weapon)
Scrolls
 b - 3 scrolls of teleportation {unknown}
 f - a scroll of magic mapping {unknown}
 h - a scroll of butterflies {unknown}
 k - a scroll of fog {unknown}
 l - a scroll of blinking {unknown}
 m - a scroll of identify {unknown}
Potions
 c - a potion of mutation {unknown}
 d - 2 potions of invisibility {unknown}
 e - a potion of haste {unknown}
 g - a potion of magic
 i - a potion of brilliance {unknown}
 j - a potion of lignification {unknown}


   Skills:
 - Level 2.0 Dodging
 - Level 2.6 Stealth
 + Level 2.6 Spellcasting
 - Level 1.0 Conjurations
 * Level 4.5 Air Magic


You couldn't memorise any spells.
You knew the following spells:

 Your Spells              Type           Power      Damage    Failure   Level
a - Shock                 Conj/Air       76%        1d7       4%          1
b - Swiftness             Air            29%        N/A       8%          3
c - Airstrike             Air            14%        2d(3-19)  24%         4

Your spell library contained the following spells:

 Spells                   Type           Power      Damage    Failure   Level
 Static Discharge         Conj/Air       38%        2-4/arc   8%          2
 Freeze                   Ice            8%         1d3       16%         1
 Hailstorm                Conj/Ice       4%         3d4       36%         3
 Frozen Ramparts          Ice            4%         1d1       43%         3


Dungeon Overview and Level Annotations

Branches:
Dungeon (2/15)

Altars:

Annotations:
D:2 Terence


Innate Abilities, Weirdness & Mutations

You cannot wear most types of armour.
You are amphibious.
You can wear up to eight rings at the same time.
Your skin changes colour to match your surroundings (Stealth+).
Your rubbery body absorbs attacks. (AC +1, EV +1)
((You are camouflaged when in or above water. (Stealth+)))
You have tentacles for arms and can constrict up to eight enemies at once.


Message History

Press: ? - help, v - describe, . - travel
Here: Terence, wielding a +0 trident of protection and wearing a +3 scale mail of willpower The floor.
Unknown command.
Aiming: Shock (safe; 4% risk of failure)
Press: ? - help, Q - select action Shift-Dir - straight line You feel a surge of power!
The zap hits Terence.
Terence is lightly wounded.
The zap misses Terence.
Terence completely misses you.
Aiming: Shock (safe; 4% risk of failure)
Press: ? - help, Q - select action Shift-Dir - straight line You feel a surge of power!
You miscast Shock.
You are very lightly contaminated with residual magic.
Nothing appears to happen.
Terence hits you from afar with a +0 trident of protection!
Aiming: Shock (safe; 4% risk of failure)
Press: ? - help, Q - select action Shift-Dir - straight line You feel a surge of power!
The zap hits Terence.
Terence is moderately wounded.
The zap hits Terence but does no damage.
Terence is moderately wounded.
Terence misses you.
Aiming: Shock (safe; 4% risk of failure)
Press: ? - help, Q - select action Shift-Dir - straight line You feel a surge of power!
The zap hits Terence.
Terence is heavily wounded.
The zap hits Terence.
Terence is severely wounded.
Terence hits you from afar with a +0 trident of protection!
* * * LOW HITPOINT WARNING * * *
Aiming: Shock (safe; 4% risk of failure)
Press: ? - help, Q - select action Shift-Dir - straight line You feel a surge of power!
The zap hits Terence.
Terence is almost dead.
The zap hits Terence but does no damage.
Terence is almost dead.
Terence says, "Don't bother to defend, it's useless."
Terence hits you from afar with a +0 trident of protection!
You die...

########## #........#
#..#.@†@.# #..#####.#
#....##...!.....
#..♣.♣♣..########
#.♣♣..♣..# #..
#.♣♣..♣.<######.#
#.♣P..♣......)#.#
#.♣♣.P♣......<#.#
#.♣...♣.......#.######


You could see Terence.

Vanquished Creatures
  Jessica (D:2)
  2 adders (D:2)
  A dart slug (D:1)
  4 endoplasms
  3 hobgoblins
  2 quokkas (D:1)
  2 ball pythons
  6 bats
  2 frilled lizards (D:2)
  A goblin (D:2)
  6 kobolds
  A rat (D:2)
31 creatures vanquished.

Notes
Turn   | Place    | Note
-------+----------+-------------------------------------------
     0 | D:1      | pigah the Octopode Air Elementalist began the quest for the
                  | Orb.
     0 | D:1      | Reached XP level 1. HP: 11/11 MP: 3/3
   221 | D:1      | Reached XP level 2. HP: 17/17 MP: 3/5
   981 | D:2      | Noticed Terence
  1104 | D:2      | Noticed Jessica
  1113 | D:2      | Reached XP level 3. HP: 18/21 MP: 1/6
  1127 | D:2      | Reached skill level 4 in Air Magic
  1128 | D:2      | Killed Jessica
  1129 | D:2      | Reached XP level 4. HP: 5/27 MP: 1/7
  1310 | D:2      | Learned a level 3 spell: Swiftness
  1315 | D:2      | Learned a level 4 spell: Airstrike
  1376 | D:2      | Slain by Terence

Illustrated notes

Levels and vault maps discovered:
D:1:      wander_arrival_estate, layout_rooms
D:2:      layout_loops_ring, serial_forest, infiniplex_forest_straight_3,
          infiniplex_forest_straight_2, infiniplex_forest_clump_small,
          infiniplex_forest_zigzag_1, infiniplex_forest_lined_room_2,
          infiniplex_forest_straight_5, st_stairs_12, uniq_terence,
          uniq_jessica, uniq_sigmund

Skill      XL: |  1  2  3 |
---------------+----------+-----
Air Magic      | 4 |  4.5
Dodging        | |  2.0
Stealth        | |  2.6
Spellcasting   | |  2.6
Conjurations   | |  1.0

Action                     |  1- 3 |  4- 6 || total
---------------------------+-------+-------++-------
  Melee: Unarmed           |    11 |       ||    11
         Constrict         |     5 |       ||     5
         Tentacles         |     5 |       ||     5
         Staff             |    12 |     2 ||    14
   Cast: Shock             |    49 |    10 ||    59
    Use: Potion            |     1 |       ||     1
 Armour: Skin              |     3 |       ||     3
  Dodge: Dodged            |    34 |     5 ||    39
